 Dungeon Crawl Stone Soup version bcrawl-1.27.6 (webtiles) character file.

Game seed: 4249958672253191415

109010 Faustar the Sneak (level 4, -2/28 HPs)
             Began as a Vine Stalker Wanderer on Sept 4, 2020.
             Killed by divine providence
             ... invoked by an orc priest
              (10 damage)
             ... on level 3 of the Dungeon.
             The game lasted 00:03:38 (2154 turns).

Faustar the Sneak (Vine Stalker Wanderer)           Turns: 2154, Time: 00:03:39

Health: -2/28      AC:  2    Str: 18    XL:     4   Next: 27%
Magic:  5/5        EV: 11    Int: 10    God:
Gold:   126        SH:  0    Dex: 13    Spells: 3/3 levels left

rFire    . . .     SeeInvis .   a - +2 dagger
rCold    . . .     Gourm    .   (no shield)
rNeg     . . .     Faith    .   f - +0 robe
rPois    .         Spirit   .   (no helmet)
rElec    .         Reflect  .   (no cloak)
rCorr    .         Harm     .   (no gloves)
MR       .....                  (no boots)
Stlth    +++.......             (no amulet)
HPRegen  0.49/turn              (no ring)
MPRegen  0.09/turn              (no ring)

@: no status effects
A: fangs 2, regeneration 1, no potion heal 3, rot immunity, strong jaws
a: no special abilities


You were on level 3 of the Dungeon.
You were hungry.

You visited 1 branch of the dungeon, and saw 3 of its levels.

You collected 126 gold pieces.

Inventory:

Hand Weapons
 a - a +2 dagger (weapon)
 c - a +0 hand crossbow
 g - a +0 hand axe
Missiles
 d - 220 bolts
Armour
 f - a +0 robe (worn)
 s - a +0 pair of boots
Jewellery
 t - a +6 ring of intelligence {unknown}
 u - the amulet "Lyace" {Inacc Str+4, unknown}
   (You found it on level 2 of the Dungeon)

   [amulet of inaccuracy]

   It reduces the accuracy of all your attacks.
   It affects your strength (+4).
 x - a +4 ring of evasion {unknown}
Wands
 w - a wand of polymorph (10)
Scrolls
 b - a scroll of blinking
 h - 6 scrolls of identify
 j - 2 scrolls of teleportation {unknown}
 l - 2 scrolls of remove curse {unknown}
 m - a scroll of amnesia {unknown}
 p - 3 scrolls of enchant armour {unknown}
 r - 2 scrolls of fog {unknown}
Potions
 i - 4 potions of degeneration {unknown}
 k - 4 potions of mutation {unknown}
 n - a potion of lignification {unknown}
 o - a potion of curing {unknown}
 q - a potion of agility {unknown}
 v - a potion of ambrosia {unknown}
Comestibles
 e - 5 rations {!d}
 z - 3 chunks of flesh


   Skills:
 - Level 3.6 Fighting
 + Level 1.3 Short Blades
 - Level 1.7 Axes
 - Level 1.0 Crossbows
 - Level 1.0 Throwing
 - Level 1.0 Armour
 + Level 5.2 Stealth


You had 3 spell levels left.
You didn't know any spells.
Your spell library was empty.

Dungeon Overview and Level Annotations

Branches:
Dungeon (3/12)

Altars:
Elyvilon
Kikubaaqudgha
Makhleb
Nemelex Xobeh
Ru
Trog


Innate Abilities, Weirdness & Mutations

You have extremely sharp teeth.
Your natural rate of healing is unusually fast.
Potions cannot restore your health.
You are immune to rotting.
Your bites deal extra damage.


Message History

The orc priest is heavily wounded.
The orc priest hits you with a +0 club.
You completely miss the orc priest.
The orc priest is heavily wounded.
The orc priest hits you with a +0 club.
You hit the orc priest but do no damage.
The orc priest is heavily wounded.
The orc priest closely misses you.
You hit the orc priest. You bite the orc priest.
The orc priest is severely wounded.
The orc priest hits you with a +0 club.
* * * LOW HITPOINT WARNING * * *
You barely miss the orc priest.
The orc priest is severely wounded.
You hit the orc priest but do no damage.
Your bite misses the orc priest.
The orc priest is severely wounded.
The orc priest calls down the wrath of Beogh upon you.
Beogh smites you!
You die...

......##.#..#######.#.........#
# ###########.# #.#....###### #
#.# #.#....# # #.# #.#....# #
######### #.# #......# #
#.......###.# ######...##
#.##........# #.......##
>.##.##.########.#######
._...##.# #.....@.....#
#.#####.# #.....o.....##.
#.......# #.####........#
######### # #........##
#.#)......# .##.#..###..#
#........o...###
........##.....#
..##.##.##.<...#


You could see an orc priest.

Vanquished Creatures
  An adder (D:3)
  4 oozes
  2 worms (D:3)
  A dart slug (D:1)
  2 orcs (D:2)
  3 giant cockroaches
  4 goblins
  6 hobgoblins
  2 jackals (D:3)
  A bat (D:2)
  3 frilled lizards
  2 kobolds
  7 rats
38 creatures vanquished.

Notes
Turn   | Place    | Note
-------+----------+-------------------------------------------
     0 | D:1      | Faustar the Vine Stalker Wanderer began the quest for the
                  | Orb.
     0 | D:1      | Faustar set off with the following items: a +2 dagger, a
                  | scroll of blinking, a +0 hand crossbow, 123 bolts, a ration
                  | {!d}, a +0 robe, a +0 hand axe
     0 | D:1      | Reached XP level 1. HP: 14/14 MP: 2/2
   182 | D:1      | Reached skill level 2 in Stealth
   184 | D:1      | Reached skill level 3 in Stealth
   184 | D:1      | Reached XP level 2. HP: 7/19 MP: 3/3
   926 | D:2      | Found a faded altar of an unknown god.
   968 | D:2      | Found an ancient bone altar of Kikubaaqudgha.
   968 | D:2      | Found a sparkling altar of Nemelex Xobeh.
  1049 | D:2      | Reached skill level 4 in Stealth
  1248 | D:2      | Reached XP level 3. HP: 23/23 MP: 4/4
  1423 | D:2      | Found a bloodstained altar of Trog.
  1424 | D:2      | Found a sacrificial altar of Ru.
  1520 | D:2      | Got an ancient graven amulet
  1679 | D:3      | Found a white marble altar of Elyvilon.
  1889 | D:3      | Reached skill level 1 in Short Blades
  1895 | D:3      | Reached skill level 5 in Stealth
  1895 | D:3      | Reached XP level 4. HP: 20/28 MP: 5/5
  2029 | D:3      | Found a burning altar of Makhleb.
  2154 | D:3      | Killed from afar by an orc priest

Skill      XL: |  1  2  3 |
---------------+----------+-----
Stealth        | 3 4 5 |  5.2
Short Blades   | 1 |  1.3
Fighting       | |  3.6
Axes           | |  1.7
Crossbows      | |  1.0
Throwing       | |  1.0
Armour         | |  1.0

Action                   |  1- 3 |  4- 6 || total
-------------------------+-------+-------++-------
Melee: Dagger            |    95 |    24 ||   119
       Bite              |     6 |     8 ||    14
 Stab: Sleeping          |     7 |     2 ||     9
  Eat: Chunk             |     5 |     1 ||     6
Armor: Robe              |     9 |       ||     9
Dodge: Dodged            |    46 |     4 ||    50
